 Dungeon Crawl Stone Soup version 0.28.0-56-g4927b6849a (webtiles) character file.

Game seed: 14741191113047877203

16 Atelerd the Digger (level 2, -2/17 HPs)
             Began as an Octopode Earth Elementalist on Jan 23, 2023.
             Slain by an adder (3 damage)
             ... on level 3 of the Dungeon.
             The game lasted 00:01:39 (818 turns).

Atelerd the Digger (Octopode Earth Elementalist)     Turns: 818, Time: 00:01:39

Health: -2/17      AC:  6    Str:  7    XL:     2   Next: 58%
Magic:  1/5        EV: 13    Int: 17    God:
Gold:   17         SH:  0    Dex: 12    Spells: 4/5 levels left

rFire   . . .      SeeInvis .   e - +0 dagger
rCold   . . .      Faith    .   (no shield)
rNeg    . . .      Spirit   .   (helmet restricted)
rPois   .          Reflect  .   (no amulet)
rElec   .          Harm     .   d - +4 ring of protection
rCorr   .          Rampage  .   (no ring)
Will    .....      Clarity  +   (no ring)
Stlth   ++++......              (no ring)
HPRegen 0.05/turn               (no ring)
MPRegen 0.09/turn               (no ring)
                                (no ring)
                                (no ring)

@: no status effects
A: almost no armour, amphibious, 8 rings, camouflage 2, gelatinous body 1,
(nimble swimmer 1), tentacles, clarity, shaggy fur 1, wild magic 1
a: no special abilities


You were on level 3 of the Dungeon.
You visited 1 branch of the dungeon, and saw 3 of its levels.

You collected 17 gold pieces.

Inventory:

Hand Weapons
 e - a +0 dagger (weapon)
Missiles
 b - 45 stones
Jewellery
 d - a +4 ring of protection (left tentacle)
Potions
 c - a potion of mutation


   Skills:
 - Level 2.0 Dodging
 * Level 3.2 Stealth
 + Level 2.2 Spellcasting
 * Level 1.4 Transmutations
 * Level 3.2 Earth Magic


You had 4 spell levels left.
You knew the following spells:

 Your Spells              Type           Power      Damage    Failure   Level
a - Sandblast             Erth           32%        2d9       8%          1

Your spell library contained the following spells:

 Spells                   Type           Power      Damage    Failure   Level
 Passwall                 Tmut/Erth      10%        N/A       16%         2
 Stone Arrow              Conj/Erth      18%        3d8       36%         3
 Petrify                  Tmut/Erth      12%        N/A       67%         4


Dungeon Overview and Level Annotations

Branches:
Dungeon (3/15)

Altars:

Shops:
D:1 [

Annotations:
D:1 exclusion: 2 downstairs
D:2 Sigmund


Innate Abilities, Weirdness & Mutations

You cannot wear most types of armour.
You are amphibious.
You can wear up to eight rings at the same time.
Your skin blends seamlessly with your surroundings (Stealth++).
Your rubbery body absorbs attacks. (AC +1, EV +1)
((You are camouflaged when in or above water. (Stealth+)))
You have tentacles for arms and can constrict up to eight enemies at once.
You possess an exceptional clarity of mind.
You are covered in fur. (AC +1)
Your spells are a little harder to cast, but a little more powerful.


Message History

* * * LOW HITPOINT WARNING * * *
The adder hisses angrily.
Okay, then.
You closely miss the orc.
The orc shouts!
You grab the orc.
You constrict the orc, but do no damage.
The orc hits you but does no damage.
Unknown command.
You hit the orc but do no damage.
You constrict the orc, but do no damage.
The orc hits you with a +0 mace.
* * * LOW HITPOINT WARNING * * *
Unknown command.
You hit the orc but do no damage.
You constrict the orc, but do no damage.
The orc misses you. The orc barely misses you.
Unknown command.
Okay, then.
You aren't carrying any scrolls.
Unknown command.
You aren't carrying any items that you can evoke.
You hit the orc but do no damage. You squeeze the orc.
The orc is severely wounded.
You constrict the orc. The adder barely misses you.
The orc hits you with a +0 whip.
* * * LOW HITPOINT WARNING * * *
The orc hits you but does no damage.
Unknown command.
You hit the orc.
The orc is almost dead.
You constrict the orc.
You kill the orc!
The adder bites you but does no damage. The orc hits you but does no damage.
The adder barely misses you.
Unknown command.
You miss something. The orc closely misses you.
The adder bites you but does no damage. Something hits you but does no damage.
You miss something. Your squeeze misses something. The adder bites you.
You die...

#####.......#. ....
#........##... ....
##.#.).........
.....#.........##...
.(.....#..##........
..........##...##...
.....w###.#....# .
.....oS#o..<...# .
#@).###### #####


You could see a worm, an adder and 2 orcs.

Vanquished Creatures
  2 orcs (D:3)
  2 giant cockroaches (D:1)
  2 goblins
  3 hobgoblins (D:1)
  2 kobolds
  A rat (D:1)
12 creatures vanquished.

Vanquished Creatures (others)
  3 plants (D:1)
3 creatures vanquished.

Grand Total: 15 creatures vanquished

Notes
Turn   | Place    | Note
-------+----------+-------------------------------------------
     0 | D:1      | Atelerd the Octopode Earth Elementalist began the quest for
                  | the Orb.
     0 | D:1      | Reached XP level 1. HP: 11/11 MP: 3/3
   248 | D:1      | Reached XP level 2. HP: 17/17 MP: 0/5
   329 | D:1      | Found Wynwib's Antique Armour Shoppe.
   655 | D:1      | Found a faded altar of an unknown god.
   695 | D:2      | Noticed Sigmund
   808 | D:3      | Gained mutation: Your spells are a little harder to cast,
                  | but a little more powerful. [potion of mutation]
   808 | D:3      | Gained mutation: You possess an exceptional clarity of
                  | mind. [potion of mutation]
   808 | D:3      | Gained mutation: You are covered in fur. (AC +1) [potion of
                  | mutation]
   808 | D:3      | Gained mutation: Your skin blends seamlessly with your
                  | surroundings (Stealth++). [potion of mutation]
   818 | D:3      | Slain by an adder

Illustrated notes

Levels and vault maps discovered:
D:1:      dpeg_arrival_three_same_balls, layout_loops_ring, serial_shops, shop,
          dilly_ecumenical_altar_fadedgnrine, lemuel_old_faithful
D:2:      layout_rooms, uniq_sigmund
D:3:      layout_rooms, lemuel_tele_altar, uniq_natasha

Skill      XL: |  1 |
---------------+----+-----
Stealth        | 3 |  3.2
Dodging        | |  2.0
Spellcasting   | |  2.2
Transmutations | |  1.4
Earth Magic    | |  3.2

Action                   || total
-------------------------++-------
Melee: Unarmed           ||    13
       Dagger            ||     7
       Constrict         ||     5
       Tentacles         ||     4
 Cast: Sandblast         ||    14
  Use: Scroll            ||     1
       Potion            ||     1
 Stab: Sleeping          ||     1
Armor: Skin              ||     9
Dodge: Dodged            ||    13
